 Dungeon Crawl Stone Soup version 0.23.0 (webtiles) character file.

Game seed: 8619420970762591442

576284 DrEnzyme the Executioner (level 25, -8/252 HPs)
             Began as a Deep Dwarf Wanderer on Feb 11, 2019.
             Was the Champion of Makhleb.
             Mangled by a golden dragon (33 damage)
             ... on level 3 of the Realm of Zot on Feb 12, 2019.
             The game lasted 03:03:01 (54740 turns).

DrEnzyme the Executioner (Deep Dwarf Wanderer)     Turns: 54740, Time: 03:03:01

Health: -8/252     AC: 27    Str: 24 (26) XL:     25   Next: 79%
Magic:  17/17      EV: 11    Int: 26      God:    Makhleb [******]
Gold:   3580       SH: 31    Dex: 16      Spells: 27/30 levels left

rFire    + + .     SeeInvis +   a - +9 broad axe (elec)
rCold    + . .     Gourm    .   H - +1 large shield {reflect}
rNeg     + . .     Faith    .   h - +6 gold dragon scales
rPois    +         Spirit   .   g - +0 helmet {SInv}
rElec    +         Reflect  +   y - +0 cloak
rCorr    +         Harm     .   k - +0 pair of gloves {Str+3}
MR       +++..                  P - +1 pair of boots
Stlth    ..........             j - amulet "Baisaben" {Reflect rF+ Int+2 SH+5 Stlth+}
HPRegen  0.00/turn              q - ring "Cicuwno" {rCorr +Fly Str-2 Dex+4 Slay+5}
MPRegen  0.15/turn              w - ring of Syndicalism {rElec Str+3 Int+5 Stlth-}

@: about to teleport, non-regenerating
A: damage resistance, heal wounds, clever 1, clumsy 1, deformed body,
deterioration 2, negative energy resistance 1, sense surroundings 3, no
regeneration
}: 3/15 runes: serpentine, barnacled, abyssal
a: Heal Wounds, Minor Destruction, Lesser Servant of Makhleb, Major Destruction,
Greater Servant of Makhleb, Renounce Religion, Evoke Flight


You were on level 3 of the Realm of Zot.
You worshipped Makhleb.
Makhleb was exalted by your worship.
You were not hungry.

You visited 10 branches of the dungeon, and saw 47 of its levels.
You visited the Abyss 2 times.
You also visited: Trove, Ossuary and Ice Cave.

You collected 5981 gold pieces.
You spent 2401 gold pieces at shops.

Inventory:

Hand Weapons
 a - a +9 broad axe of electrocution (weapon)
Missiles
 s - 4 throwing nets (quivered)
 U - 10 javelins of penetration
Armour
 g - a +0 helmet of see invisible (worn)
 h - +6 gold dragon scales (worn)
 k - a +0 pair of gloves of strength (worn)
 y - a +0 cloak (worn)
 H - a +1 large shield of reflection (worn)
 P - a +1 pair of boots (worn)
Jewellery
 j - the amulet "Baisaben" (around neck) {Reflect rF+ Int+2 SH+5 Stlth+}
   (You took it off a deep elf sorcerer on level 3 of the Elven Halls)

   [amulet of reflection]

   It shields you and reflects attacks.
   It affects your intelligence (+2).
   It protects you from fire.
   It affects your SH (+5).
   It makes you more stealthy.
 q - the ring "Cicuwno" (left hand) {rCorr +Fly Str-2 Dex+4 Slay+5}
   (You found it on level 8 of the Dungeon)

   [ring of resist corrosion]

   It affects your strength (-2).
   It affects your dexterity (+4).
   It affects your accuracy and damage with ranged weapons and melee attacks
   (+5).
   It lets you fly.
 w - the ring of Syndicalism (right hand) {rElec Str+3 Int+5 Stlth-}
   (You found it on level 3 of the Elven Halls)

   [ring of attention]

   It affects your strength (+3).
   It affects your intelligence (+5).
   It insulates you from electricity.
   It makes you less stealthy.
 I - the ring of Cuur {rPois rF+ MP-9 Str+6}
   (You found it on level 2 of the Depths)

   [ring of poison resistance]

   It affects your strength (+6).
   It protects you from fire.
   It protects you from poison.
   It affects your magic capacity (-9).
 J - the ring of the Mage {Wiz MR++ Int+3}
   (You found it in a treasure trove)

   [ring of wizardry]

   It improves your spell success rate.
   It affects your intelligence (+3).
   It affects your resistance to hostile enchantments.
Wands
 l - a wand of paralysis (22)
 o - a wand of acid (8)
 r - a wand of digging (25)
 Q - a wand of polymorph (39)
 R - a wand of enslavement (12)
 S - a wand of clouds (7)
 W - a wand of scattershot (5)
Scrolls
 c - 4 scrolls of summoning
 d - 20 scrolls of remove curse
 e - 6 scrolls of fear
 i - 6 scrolls of identify
 n - 4 scrolls of fog
 p - 14 scrolls of teleportation
 z - 2 scrolls of enchant weapon
 A - a scroll of enchant armour
 L - 5 scrolls of magic mapping
 T - 2 scrolls of holy word
 X - 7 scrolls of blinking
Potions
 t - 2 potions of resistance
 u - 11 potions of curing
 v - 16 potions of heal wounds
 x - 6 potions of invisibility
 D - a potion of might
 G - 9 potions of mutation
 M - 15 potions of flight
 N - 2 potions of agility
 O - 3 potions of ambrosia
Miscellaneous
 m - a lightning rod (4/4)
 K - 2 phantom mirrors
Comestibles
 b - 8 chunks of flesh
 f - 49 rations


   Skills:
 + Level 19.7 Fighting
   Level 0.5 Short Blades
 + Level 23.1(24.7) Axes
   Level 14.3(18.8) Polearms
 + Level 0.6 Throwing
 + Level 15.0 Armour
 + Level 11.1 Dodging
 - Level 8.3 Stealth
 + Level 22.8 Shields
 + Level 1.0 Unarmed Combat
 + Level 3.3 Spellcasting
 + Level 0.9 Necromancy
   Level 1.7 Fire Magic
 - Level 14.4 Invocations
 + Level 12.7 Evocations


You had 27 spell levels left.
You knew the following spells:

 Your Spells              Type           Power        Failure   Level  Hunger
a - Animate Skeleton      Necr           N/A          94%         1    None
b - Magic Dart            Conj           #...         98%         1    None
c - Confusing Touch       Hex            #.....       98%         1    None

Your spell library contained the following spells:

 Spells                   Type           Power        Failure   Level  Hunger
 Flame Tongue             Conj/Fire      #....        94%         1    None
 Pain                     Necr           #...         94%         1    None
 Apportation              Tloc           #.....       98%         1    None
 Corona                   Hex            #......      98%         1    None
 Freeze                   Ice            #...         98%         1    None
 Shock                    Conj/Air       #...         98%         1    None
 Sting                    Conj/Pois      #...         98%         1    None
 Summon Small Mammal      Summ           #...         98%         1    None
 Corpse Rot               Necr           N/A          98%         2    #......
 Sublimation of Blood     Necr           #.........   98%         2    #......
 Throw Flame              Conj/Fire      #.....       98%         2    #......
 Blink                    Tloc           N/A          99%         2    #......
 Call Imp                 Summ           #.......     99%         2    #......
 Poisonous Vapours        Pois/Air       #.....       99%         2    #......
 Searing Ray              Conj           #.....       99%         2    #......
 Slow                     Hex            #.......     99%         2    #......
 Swiftness                Chrm/Air       #.......     99%         2    #......
 Throw Frost              Conj/Ice       #.....       99%         2    #......
 Call Canine Familiar     Summ           #.......     100%        3    ###....
 Confuse                  Hex            #.......     100%        3    ###....
 Conjure Flame            Conj/Fire      #.......     100%        3    ###....
 Dazzling Spray           Conj/Hex       #.....       100%        3    ###....
 Gell's Gravitas          Tloc           #.........   100%        3    ###....
 Ignite Poison            Fire/Tmut/Pois #.......     100%        3    ###....
 Inner Flame              Hex/Fire       #.......     100%        3    ###....
 Mephitic Cloud           Conj/Pois/Air  #.......     100%        3    ###....
 Ozocubu's Armour         Chrm/Ice       #.......     100%        3    ###....
 Portal Projectile        Hex/Tloc       #.....       100%        3    ###....
 Recall                   Summ/Tloc      N/A          100%        3    ###....
 Static Discharge         Conj/Air       #.......     100%        3    ###....
 Stone Arrow              Conj/Erth      #.....       100%        3    ###....
 Summon Guardian Golem    Hex/Summ       #.......     100%        3    ###....
 Vampiric Draining        Necr           #.........   100%        3    ###....
 Airstrike                Air            #.........   100%        4    ####...
 Animate Dead             Necr           N/A          100%        4    ####...
 Cause Fear               Hex            #.........   100%        4    ####...
 Force Lance              Conj/Tloc      #.......     100%        4    ####...
 Fulminant Prism          Conj/Hex       #.........   100%        4    ####...
 Ice Form                 Ice/Tmut       #.......     100%        4    ####...
 Iskenderun's Mystic Bla  Conj           #.......     100%        4    ####...
 Leda's Liquefaction      Hex/Erth       #.........   100%        4    ####...
 Petrify                  Tmut/Erth      #.......     100%        4    ####...
 Sticky Flame             Conj/Fire      #.......     100%        4    ####...
 Summon Ice Beast         Ice/Summ       #.......     100%        4    ####...
 Summon Lightning Spire   Summ/Air       #.......     100%        4    ####...
 Throw Icicle             Conj/Ice       #.......     100%        4    ####...
 Agony                    Necr           #.......     100%        5    ######.
 Bolt of Draining         Conj/Necr      #.........   100%        5    ######.
 Bolt of Magma            Conj/Fire/Erth #.........   100%        5    ######.
 Borgnjor's Vile Clutch   Necr/Erth      #.........   100%        5    ######.
 Dispel Undead            Necr           #.......     100%        5    ######.
 Excruciating Wounds      Chrm/Necr      #.........   100%        5    ######.
 Fireball                 Conj/Fire      #.........   100%        5    ######.
 Iskenderun's Battlesphe  Conj/Chrm      #.......     100%        5    ######.
 Lightning Bolt           Conj/Air       #.........   100%        5    ######.
 Metabolic Englaciation   Hex/Ice        #.........   100%        5    ######.
 Summon Forest            Summ/Tloc      #.........   100%        5    ######.
 Yara's Violent Unravell  Hex/Tmut       #.........   100%        5    ######.
 Bolt of Fire             Conj/Fire      #.........   100%        6    #######
 Death Channel            Necr           #.........   100%        6    #######
 Dispersal                Tloc           #.........   100%        6    #######
 Freezing Cloud           Conj/Ice/Air   #.........   100%        6    #######
 Hydra Form               Tmut           #.........   100%        6    #######
 Invisibility             Hex            #.......     100%        6    #######
 Simulacrum               Ice/Necr       #.........   100%        6    #######
 Dragon Form              Tmut           #.........   100%        7    #######
 Haunt                    Necr/Summ      #.........   100%        7    #######
 Malign Gateway           Summ/Tloc      #.........   100%        7    #######
 Monstrous Menagerie      Summ           #.........   100%        7    #######
 Ring of Flames           Chrm/Fire      #.........   100%        7    #######
 Summon Greater Demon     Summ           #.........   100%        7    #######
 Summon Hydra             Summ           #.........   100%        7    #######
 Borgnjor's Revivificati  Necr           #.........   100%        8    #######
 Controlled Blink         Tloc           N/A          100%        8    #######
 Death's Door             Chrm/Necr      #.........   100%        8    #######
 Discord                  Hex            #.........   100%        8    #######
 Disjunction              Tloc           #.........   100%        8    #######
 Ignition                 Fire           ##........   100%        8    #######
 Infestation              Necr           #.........   100%        8    #######
 Necromutation            Tmut/Necr      #.........   100%        8    #######
 Summon Horrible Things   Summ           #.........   100%        8    #######
 Dragon's Call            Summ           #.........   100%        9    #######
 Regeneration             Chrm/Necr      Unusable     N/A         3    N/A

Dungeon Overview and Level Annotations

Branches:
Dungeon (15/15)            Temple (1/1) D:7            Lair (6/6) D:10
 Shoals (4/4) Lair:2        Snake (4/4) Lair:4        Slime (0/5) Lair:6
    Orc (2/2) D:9             Elf (3/3) Orc:2        Vaults (4/5) D:14
  Crypt (0/3) Vaults:2     Depths (5/5) D:15            Zot (3/5) Depths:5

Altars:
Ashenzari
Cheibriados
Dithmenos
Elyvilon
Fedhas
Gozag
Hepliaklqana
Kikubaaqudgha
Makhleb
Nemelex Xobeh
Okawaru
Qazlal
Ru
Sif Muna
Trog
Uskayaw
Vehumet
Wu Jian
Yredelemnul
Zin
The Shining One
Beogh
Jiyva

Shops:
D:6 !   D:8 *   D:12 *   Orc:2 [*%}   Shoals:2 :   Shoals:3 [=}[   Vaults:2 (
Depths:3 [

Portals:
Hell: Depths:1 Depths:2 Depths:3 Depths:4 Depths:5
Abyss: Depths:3 Depths:4
Pandemonium: Depths:3 Depths:4
Ziggurat: Depths:5

Annotations:
D:3 exclusion: downstairs
D:4 1 runed translucent door, exclusion: door, shareduser's ghost, amateur OpTm
D:7 exclusion: wight
D:8 exclusion: 2 downstairs
D:10 exclusion: 2 downstairs
D:12 exclusion: downstairs
D:14 3 runed translucent doors, exclusion: 3 doors, Onucvo's ghost, journeyman FoFi
Lair:1 exclusion: black mamba
Lair:3 exclusion: rime drake, Sonja
Lair:5 exclusions: 2 downstairs and hydra
Snake:3 exclusion: downstairs
Snake:4 3 runed translucent doors, exclusions: 3 doors and obsidian statue, Roxanne; Smee's ghost, adept MiFi
Orc:1 exclusion: downstairs
Elf:2 5 runed translucent doors, exclusion: 5 doors
Vaults:2 3 runed translucent doors, exclusion: 3 doors, Forgeling's ghost, adept FeEn; mantisjm's ghost, veteran HOFi
Depths:1 24 runed doors
Depths:3 exclusion: downstairs
Depths:4 1 runed translucent door, 1 exclusion


Innate Abilities, Weirdness & Mutations

You are resistant to damage.
You can heal yourself by infusing magical energy.
You resist negative energy. (rN+)
You passively map a large area around you.
You do not regenerate.
Your mind is acute. (Int +2)
You are clumsy. (Dex -2)
Armour fits poorly on your strangely shaped body.
Your body often deteriorates upon taking damage.


Message History

* * * LOW HITPOINT WARNING * * *
You block the golden dragon's attack.
The green draconian stormcaller prays to Qazlal.
You block the golden dragon's attack. The golden dragon claws you!
* * * LOW HITPOINT WARNING * * *
The golden dragon tramples you!
* * * LOW HITPOINT WARNING * * *
You hold your ground!
Your magical essence is drained by the effort!
You feel much better.
You feel yourself speed up.
You feel a little less mighty now. The wind drake flaps its wings at you.
The air twists around and strikes you! The golden dragon bites you!!!
* * * LOW HITPOINT WARNING * * *
You block the golden dragon's attack. x2
The green draconian stormcaller mumbles some strange prayers to Qazlal against you.
Qazlal smites you!
* * * LOW HITPOINT WARNING * * *
The golden dragon bites you!!!
You die...

*#....................^....
*#........#####.............
*#........##.....#...........
#).......##.###########......
#.#....).##, ###....
*.#......## ######### ##...
*, ....... ##.....).### ##..
* .##..#* ##.#######..## ##.
,#@## ###.##.## * ##D# *
##.##.# , ,, * #z## ,##.#.# ,
, * #l# , * #.#.# * , *,*,#q#
, > ○ * #.#.# * , * *
#yqy.d.>. #.#.. , * #k#..§>..
* #.##. , * ###d..... *,#.#..
* ** .....* , ,#.#..


You could see a golden dragon (berserk), a death cob, a green draconian
stormcaller, a wind drake, a moth of wrath and a komodo dragon.

Vanquished Creatures
  An ancient lich (Vaults:2)
  2 orbs of fire (Zot:3)
  2 juggernauts
  Sojobo (Depths:2)
  Margery (Depths:2)
  Vashnia (Snake:4)
  Saint Roka (Depths:2)
  3 caustic shrikes
  6 golden dragons
  Jory (Depths:4)
  4 liches
  3 bone dragons
  An electric golem (Zot:3)
  10 tentacled monstrosities
  An Ice Fiend (IceCv)
  An acid blob (Zot:2)
  2 deep elf master archers (Elf:3)
  5 quicksilver dragons
  2 deep elf blademasters (Elf:3)
  A titan (Depths:2)
  An Executioner (Abyss:2)
  5 tentacled starspawn
  Agnes (Snake:4)
  7 death cobs
  2 sphinxes
  6 shadow dragons
  Kirke (Snake:3)
  4 storm dragons
  Donald (Orc:2)
  4 draconian monks
  10 nagarajas
  4 frost giants
  4 tengu reavers
  Ilsuiw (Shoals:3)
  10 fire giants
  9 deep elf sorcerers
  9 vault wardens
  2 draconian scorchers (Zot:2)
  3 orc warlords
  2 draconian knights (Zot:1)
  A juggernaut zombie (Depths:3)
  An iron dragon (Depths:3)
  Louise (Elf:3)
  4 deep elf elementalists (Elf:3)
  An angel (Abyss:4)
  4 ghost moths
  2 cacodemons (Abyss:1)
  2 draconian stormcallers
  3 draconian annihilators
  26 very ugly things
  2 spriggan defenders (Depths:4)
  9 ironheart preservers
  2 draconian shifters (Zot:2)
  13 stone giants
  2 ophanim (Abyss:4)
  9 green draconians
  7 vampire knights
  7 deep elf annihilators (Elf:3)
  8 black draconians
  8 deep elf demonologists
  10 yellow draconians
  8 white draconians
  5 purple draconians
  5 red draconians
  7 spark wasps
  A crystal guardian (Abyss:1)
  3 green deaths
  13 ettins
  3 merfolk javelineers
  6 fire dragons
  Fannar (D:12)
  6 deep elf death magi
  8 merfolk impalers
  2 deep elf high priests (Elf:3)
  Josephine (D:12)
  9 rakshasas
  11 yaktaur captains
  Harold (D:9)
  14 great orbs of eyes
  11 ice dragons
  A monstrous demonspawn (Depths:3)
  A hell beast (D:9)
  16 anacondas
  3 merfolk avatars
  5 vault guards
  2 hydras
  9 naga warriors
  5 centaur warriors
  A satyr (Shoals:2)
  A catoblepas (Lair:6)
  4 spriggan air magi
  36 two-headed ogres
  10 tengu warriors
  6 death yaks
  3 death knights
  13 ogre magi
  11 dancing weapons
  A satyr (shapeshifter) (Depths:2)
  7 deep troll earth magi
  3 deep troll shamans
  5 merfolk aquamancers
  An alligator snapping turtle (Shoals:4)
  2 thrashing horrors (Abyss:2)
  4 vampire magi
  14 hell knights
  2 shock serpents (Snake:1)
  7 orc high priests
  8 spriggan berserkers
  13 deep elf knights
  Nergalle (Lair:2)
  9 naga sharpshooters (Snake:4)
  2 skeletal warriors
  A storm dragon skeleton (Abyss:2)
  A sun demon (Depths:3)
  A death drake (Abyss:1)
  2 wretched stars
  2 cherubim (Abyss:4)
  A fire crab (shapeshifter) (Elf:3)
  A sixfirhy (Abyss:1)
  3 spatial maelstroms
  A spriggan druid (Elf:2)
  3 iron trolls (Depths:5)
  4 salamander mystics
  6 shadow wraiths
  4 unseen horrors
  5 glowing orange brains
  10 sea snakes
  14 deep trolls
  A shadow demon (Depths:3)
  8 flayed ghosts
  A kraken simulacrum (Shoals:4)
  6 naga ritualists
  A lindwurm (Lair:6)
  14 deep elf archers
  8 wizards
  12 phantasmal warriors
  12 ironbrand convokers
  20 harpies
  11 orc sorcerers
  64 deep elf magi
  9 cyclopes
  11 fauns
  2 tengu zombies (Vaults:2)
  24 orc knights
  36 ugly things
  7 mana vipers
  10 manticores
  10 salamanders
  8 necromancers
  A salamander (shapeshifter) (Vaults:3)
  2 wolf spiders
  8 moths of wrath
  A fire giant skeleton (Depths:3)
  3 elephants (Lair:6)
  29 black mambas
  13 guardian serpents
  14 naga magi
  Maurice (D:8)
  A dire elephant zombie (Abyss:2)
  2 worldbinders
  3 ice statues
  2 apocalypse crabs (Abyss:4)
  8 vault sentinels
  Psyche (D:12)
  14 merfolk sirens
  6 water nymphs
  A torpor snail (Lair:2)
  2 rust devils
  2 gargoyles
  A black mamba (shapeshifter) (D:15)
  11 spiny frogs
  4 orange demons
  4 smoke demons
  A hellion (Abyss:4)
  8 centaur skeletons
  A komodo dragon (shapeshifter) (Vaults:2)
  A kobold demonologist (D:12)
  4 komodo dragons
  A yaktaur (shapeshifter) (Depths:4)
  2 rime drakes (Lair:2)
  An efreet (D:13)
  42 yaktaurs
  11 ice devils (IceCv)
  An anaconda simulacrum (IceCv)
  3 ancient zymes
  3 hellwings
  A golden dragon simulacrum (IceCv)
  4 freezing wraiths
  22 merfolk
  A harpy zombie (D:15)
  A redback zombie (D:15)
  5 red devils
  7 tengu conjurers
  7 hornets
  A queen bee (shapeshifter) (D:13)
  10 trolls
  A polar bear (shapeshifter) (Elf:2)
  2 jumping spiders (shapeshifter)
  A polar bear (Lair:6)
  Prince Ribbit (D:8)
  4 wind drakes
  15 raiju
  A dream sheep (shapeshifter) (Depths:3)
  17 hippogriffs
  3 dream sheep (Shoals:2)
  10 blink frogs
  A stone giant simulacrum (Vaults:2)
  21 slime creatures
  12 snapping turtles
  A spriggan zombie (Depths:3)
  A centaur simulacrum (D:14)
  A dire elephant simulacrum (IceCv)
  A frost giant simulacrum (Depths:3)
  31 yaks
  7 shadows (Depths:4)
  An ettin skeleton (Abyss:1)
  2 ynoxinuls
  28 water elementals
  4 air elementals
  4 wyverns
  5 spriggans
  A vampire (D:12)
  24 small abominations
  16 wraiths
  A basilisk (D:11)
  2 fire bats (Abyss:2)
  11 vampire mosquitoes
  2 chaos spawn (Depths:4)
  Grum (D:11)
  5 neqoxecs
  3 harpy simulacra (IceCv)
  12 wargs
  A soldier ant (D:15)
  36 nagas
  An acid dragon (Vaults:2)
  An insubstantial wisp (Abyss:1)
  17 large abominations
  A soldier ant (shapeshifter) (D:14)
  2 iron troll simulacra (IceCv)
  2 floating eyes (Depths:2)
  6 water moccasins
  2 hydra simulacra (IceCv)
  2 hornet zombies (D:15)
  Duvessa (D:7)
  5 porcupines
  An eye of draining (D:12)
  3 black bears
  A sky beast (shapeshifter) (Abyss:4)
  7 sky beasts
  52 starcursed masses
  An ice beast (D:8)
  48 ogres
  2 elf zombies (Vaults:2)
  58 orc warriors
  5 phantoms
  7 necrophages (D:8)
  19 wolves
  15 boggarts
  15 centaurs
  13 crocodiles
  Blork the orc (D:4)
  5 big kobolds
  21 bullfrogs
  3 earth elementals (Elf:3)
  Dowan (D:7)
  2 glowing shapeshifter simulacra
  A wyvern skeleton (D:14)
  5 scorpions
  A hornet simulacrum (D:14)
  9 killer bees
  3 troll zombies (D:9)
  2 wights
  4 howler monkeys
  An electric eel (Orc:1)
  9 crimson imps
  3 centaur zombies
  5 quasits
  Crazy Yiuf (D:2)
  3 bullfrog zombies
  4 jellies
  38 orc priests
  8 hounds
  30 orc wizards
  6 iron imps
  8 iguanas
  8 worker ants
  3 big kobold zombies (Ossuary)
  3 ogre zombies (D:9)
  A hound zombie (D:7)
  3 mummies
  A howler monkey zombie (D:8)
  3 worker ant zombies
  13 adders
  6 shadow imps
  An ufetubus (Abyss:2)
  An ooze (D:5)
  2 adder skeletons
  6 adder zombies
  A dart slug (D:2)
  5 leopard geckos
  100 orcs
  A ball python (D:2)
  4 bats
  6 giant cockroaches
  6 gnoll zombies (Ossuary)
  10 goblins
  9 hobgoblins
  11 jackals
  8 quokkas
  6 frilled lizards
  2 goblin skeletons (D:9)
  2 goblin zombies (D:9)
  3 hobgoblin skeletons (D:9)
  5 hobgoblin zombies (Ossuary)
  18 kobolds
  5 kobold zombies (Ossuary)
  2 orc skeletons (D:9)
  16 orc zombies
  A quokka zombie (D:5)
  6 rats
  4 fungi
  15 plants
  12 starspawn tentacles
2244 creatures vanquished.

Vanquished Creatures (collateral kills)
  An electric golem (Zot:2)
  Asterion (Snake:2)
  A very ugly thing (Zot:2)
  A black draconian (Zot:2)
  A salamander (Snake:3)
  A black mamba (Snake:2)
  4 hogs (Snake:3)
  A porcupine (Lair:4)
  A goblin (D:1)
  A bat (D:1)
  2 kobolds (D:1)
15 creatures vanquished.

Vanquished Creatures (others)
  A deep elf elementalist (Elf:3)
  A very ugly thing (Zot:2)
  2 vampire knights (Depths:4)
  A stone giant (Depths:4)
  2 merfolk javelineers (Shoals:4)
  A deep elf annihilator (Elf:2)
  A satyr (Shoals:3)
  A shock serpent (Snake:3)
  A deep elf knight (Elf:1)
  A deep elf archer (Elf:2)
  A cyclops (D:15)
  2 fauns (Shoals:2)
  2 deep elf magi
  A black mamba (Snake:2)
  7 yaktaurs
  A small abomination (Abyss:4)
  A water elemental (Depths:5)
  3 ogres
  6 centaurs
  An orc wizard (Vaults:1)
  2 orcs (Orc:2)
  2 fungi (Lair:6)
  A lurking horror (Abyss:4)
  37 plants
  9 starspawn tentacles
  15 tentacles (Shoals:4)
103 creatures vanquished.

Grand Total: 2362 creatures vanquished

Notes
Turn   | Place    | Note
-------+----------+-------------------------------------------
     0 | D:1      | DrEnzyme the Deep Dwarf Wanderer began the quest for the
                  | Orb.
     0 | D:1      | DrEnzyme set off with the following items: a +0 buckler, a
                  | +0 robe, a +0 dagger, a ration; and the following spells
                  | available to memorise: Animate Skeleton, Magic Dart, Blink,
                  | Call Imp, Slow, Conjure Flame, Mephitic Cloud, Vampiric
                  | Draining
     0 | D:1      | Reached XP level 1. HP: 18/18 MP: 4/4
     2 | D:1      | Learned a level 1 spell: Animate Skeleton
     4 | D:1      | Learned a level 1 spell: Magic Dart
   415 | D:1      | Reached XP level 2. HP: 11/25 MP: 6/6
  1024 | D:2      | Reached XP level 3. HP: 27/31 MP: 7/7
  1084 | D:2      | Reached skill level 1 in Armour
  1438 | D:2      | Found a runed translucent door.
  1439 | D:2      | Noticed Crazy Yiuf
  1634 | D:3      | Reached XP level 4. HP: 22/38 MP: 8/8
  1694 | D:3      | Reached skill level 1 in Axes
  2037 | D:3      | Reached skill level 1 in Dodging
  2346 | D:4      | Reached skill level 2 in Axes
  2346 | D:4      | Reached XP level 5. HP: 24/44 MP: 8/10
  2370 | D:4      | Noticed an ogre
  2541 | D:4      | Noticed Blork the orc
  2547 | D:4      | Killed an ogre
  2547 | D:4      | Reached skill level 3 in Axes
  2549 | D:4      | Killed Blork the orc
  2549 | D:4      | Reached XP level 6. HP: 52/52 MP: 11/11
  2555 | D:4      | Identified Irphepripn's Catalogue of Blistering Beguiling
  2559 | D:4      | Learned a level 1 spell: Confusing Touch
  2601 | D:4      | Found a sand-covered staircase.
  2604 | D:4      | Reached skill level 4 in Axes
  2609 | Ossuary  | Entered an ossuary
  2949 | D:4      | Found a runed translucent door.
  2979 | D:4      | Found a shadowy altar of Dithmenos.
  3118 | D:4      | Noticed shareduser's ghost (amateur OpTm)
  3149 | D:5      | Entered Level 5 of the Dungeon
  3379 | D:5      | Reached skill level 5 in Axes
  3379 | D:5      | Reached XP level 7. HP: 57/61 MP: 12/12
  3649 | D:5      | Reached skill level 6 in Axes
  4019 | D:5      | Reached XP level 8. HP: 69/69 MP: 12/12
  4300 | D:6      | Reached skill level 7 in Axes
  4703 | D:6      | Found Miheas's Distillery.
  4712 | D:6      | Bought a potion of heal wounds for 55 gold pieces
  4712 | D:6      | Bought a potion of mutation for 88 gold pieces
  4712 | D:6      | Bought a potion of curing for 33 gold pieces
  4840 | D:6      | Found a shattered altar of Ashenzari.
  4915 | D:7      | Reached skill level 8 in Axes
  5082 | D:7      | Noticed a hippogriff
  5256 | D:7      | Noticed Duvessa
  5256 | D:7      | Noticed Dowan
  5272 | D:7      | Killed Duvessa
  5283 | D:7      | Killed Dowan
  5516 | D:7      | Killed a hippogriff
  5516 | D:7      | Reached skill level 9 in Axes
  5516 | D:7      | Gained mutation: You passively map the area around you.
                  | [Deep Dwarf growth]
  5516 | D:7      | Reached XP level 9. HP: 54/78 MP: 12/12
  5744 | D:7      | Found a staircase to the Ecumenical Temple.
  5756 | Temple   | Entered the Ecumenical Temple
  5851 | Temple   | Became a worshipper of Makhleb the Destroyer
  6271 | D:8      | Found a stormy altar of Qazlal.
  6310 | D:8      | Noticed Prince Ribbit
  6317 | D:8      | Killed Prince Ribbit
  6318 | D:8      | Noticed Maurice
  6351 | D:8      | Reached skill level 1 in Evocations
  6387 | D:8      | Reached skill level 10 in Axes
  6452 | D:8      | Found Zeaha's Assorted Antiques.
  6537 | D:8      | Bought a puce potion for 19 gold pieces
  6537 | D:8      | Bought a scroll of teleportation for 66 gold pieces
  6556 | D:8      | Reached skill level 5 in Fighting
  7247 | D:8      | Killed Maurice
  7253 | D:8      | Reached * piety under Makhleb
  7265 | D:8      | Reached XP level 10. HP: 52/87 MP: 12/12
  7459 | D:8      | Reached skill level 5 in Dodging
  7471 | D:8      | Got a twitching pewter ring
  7472 | D:8      | Identified the ring "Cicuwno" {rCorr +Fly Str-2 Dex+4
                  | Slay+5} (You found it on level 8 of the Dungeon)
  7522 | D:9      | Reached skill level 11 in Axes
  7645 | D:9      | Found a staircase to the Orcish Mines.
  7836 | D:9      | Noticed Harold
  8106 | D:9      | Reached ** piety under Makhleb
  8127 | D:9      | Noticed a rust devil
  8128 | D:9      | Noticed a hell beast
  8128 | D:9      | Found a burning altar of Makhleb.
  8129 | D:9      | Noticed an orange demon
  8709 | D:10     | Entered Level 10 of the Dungeon
  8751 | D:10     | Found a radiant altar of Vehumet.
  8804 | D:10     | Found a staircase to the Lair.
  9189 | D:10     | Reached skill level 5 in Stealth
  9276 | D:10     | Reached skill level 12 in Axes
  9283 | D:10     | Reached *** piety under Makhleb
  9283 | D:10     | Reached skill level 5 in Shields
  9304 | D:10     | Identified a scroll of acquirement
  9677 | D:11     | Noticed a cyclops
  9803 | Lair:1   | Entered Level 1 of the Lair of Beasts
  9803 | Lair:1   | Noticed a spiny frog
  9808 | Lair:1   | Killed a spiny frog
  9910 | Lair:1   | Reached XP level 11. HP: 99/99 MP: 12/12
 10123 | D:8      | Bought a runed ring mail for 154 gold pieces
 10160 | D:8      | Bought a wand of digging (5) for 176 gold pieces
 10765 | Lair:2   | Reached skill level 5 in Armour
 10845 | Lair:2   | Reached skill level 13 in Axes
 10966 | Lair:2   | Found a staircase to the Shoals.
 10994 | Lair:2   | Noticed Nergalle
 11025 | Lair:2   | Killed Nergalle
 11626 | Lair:3   | Reached **** piety under Makhleb
 11626 | Lair:3   | Reached skill level 14 in Axes
 11697 | Lair:3   | Noticed Sonja
 11799 | Lair:3   | Noticed a death yak
 11800 | Lair:3   | Noticed a death yak
 11800 | Lair:3   | Noticed a death yak
 11824 | Lair:3   | Killed a death yak
 11843 | Lair:3   | Killed a death yak
 11856 | Lair:3   | Killed a death yak
 11856 | Lair:3   | Reached XP level 12. HP: 71/110 MP: 12/12
 11927 | Lair:3   | Found a gate leading to a gauntlet.
 13034 | Lair:4   | Found a hide-covered altar of Uskayaw.
 13466 | Lair:5   | Identified the +5 trident of Inference {speed, *Corrode
                  | +Inv rF+ Str+7} (You found it on level 5 of the Lair of
                  | Beasts)
 13622 | Lair:5   | Reached skill level 1 in Polearms
 13673 | Lair:5   | Noticed a five-headed hydra
 13912 | Lair:5   | Found a white marble altar of Elyvilon.
 14116 | Lair:6   | Entered Level 6 of the Lair of Beasts
 14116 | Lair:6   | Noticed a four-headed hydra
 14275 | Lair:6   | Found a viscous altar of Jiyva.
 14275 | Lair:6   | Found a staircase to the Slime Pits.
 14340 | Lair:6   | Killed a one-headed hydra
 14615 | Lair:6   | Reached skill level 5 in Polearms
 15071 | Lair:6   | Reached XP level 13. HP: 118/118 MP: 11/11
 15321 | Lair:6   | Got a smoking demon whip
 15343 | Lair:6   | Identified the +6 demon whip of Eternal Vigilance {freeze,
                  | MP+9 Int+2 Stlth+} (You found it on level 6 of the Lair of
                  | Beasts)
 15367 | Lair:6   | Reached ***** piety under Makhleb
 15710 | Orc:1    | Entered Level 1 of the Orcish Mines
 15762 | Orc:1    | You fall through a shaft!
 15762 | Orc:2    | Entered Level 2 of the Orcish Mines
 16477 | Orc:2    | Noticed Donald
 16509 | Orc:2    | Killed Donald
 16902 | Orc:2    | Noticed an orc warlord
 17437 | Orc:1    | Killed an orc warlord
 17538 | Orc:2    | Noticed a stone giant
 17757 | Orc:2    | Noticed an orc warlord
 18118 | Orc:1    | Killed an orc warlord
 18350 | Orc:2    | Found a staircase to the Elven Halls.
 18414 | Orc:2    | Found Buoluw's Gadget Boutique.
 18570 | Orc:2    | Gained mutation: You resist negative energy. (rN+) [Deep
                  | Dwarf growth]
 18570 | Orc:2    | Reached XP level 14. HP: 96/129 MP: 12/12
 18697 | Orc:2    | Found Zuregh's Food Emporium.
 18700 | Orc:2    | Reached skill level 10 in Polearms
 18708 | Orc:2    | Found Jeyqyo's General Store.
 18721 | Orc:2    | Reached skill level 5 in Evocations
 18735 | Orc:2    | Found Dammer's Armour Boutique.
 18741 | Orc:2    | Bought a scroll of identify for 36 gold pieces
 18967 | D:11     | Noticed Grum
 18970 | D:11     | Killed Grum
 19086 | D:11     | Reached ****** piety under Makhleb
 19393 | Lair:4   | Found a staircase to the Snake Pit.
 19411 | Snake:1  | Entered Level 1 of the Snake Pit
 19908 | Snake:2  | Reached skill level 10 in Fighting
 20467 | Snake:2  | Noticed Asterion
 20474 | Snake:2  | Noticed a cacodemon
 20491 | Snake:2  | Killed Asterion
 20826 | Snake:2  | Noticed a nagaraja
 20847 | Snake:2  | Killed a nagaraja
 21522 | Snake:3  | Noticed Kirke
 21557 | Snake:3  | Killed Kirke
 21557 | Snake:3  | Reached XP level 15. HP: 75/140 MP: 13/13
 21953 | Snake:4  | Entered Level 4 of the Snake Pit
 22075 | Snake:4  | Noticed a nagaraja
 22112 | Snake:4  | Killed a nagaraja
 22376 | Snake:4  | Noticed Vashnia
 22496 | Snake:4  | Noticed Agnes
 22510 | Snake:4  | Killed Agnes
 22532 | Snake:4  | Noticed Roxanne
 22921 | Snake:4  | Reached skill level 10 in Evocations
 22966 | Snake:4  | Noticed a nagaraja
 22997 | Snake:4  | Killed a nagaraja
 23039 | Snake:4  | Found a runed translucent gate.
 23039 | Snake:4  | Found an opulent altar of Gozag.
 23042 | Snake:4  | Found a runed translucent gate.
 23042 | Snake:4  | Found a runed translucent gate.
 23043 | Snake:4  | Noticed Smee's ghost (adept MiFi)
 23090 | Snake:4  | Noticed a nagaraja
 23101 | Snake:4  | Killed a nagaraja
 23319 | Snake:4  | Reached skill level 10 in Shields
 23584 | Snake:4  | Killed Vashnia
 23626 | Snake:4  | Reached XP level 16. HP: 115/151 MP: 15/15
 23851 | Snake:4  | Reached skill level 10 in Dodging
 24977 | Snake:4  | Got a serpentine rune of Zot
 25413 | D:2      | Killed Crazy Yiuf
 25615 | D:12     | Noticed Psyche
 25619 | D:12     | Killed Psyche
 25627 | D:12     | Found Uvele's Assorted Antiques.
 25732 | D:12     | Noticed Fannar
 25755 | D:12     | Noticed Josephine
 25784 | D:12     | Killed Josephine
 25999 | D:12     | Killed Fannar
 25999 | D:12     | Reached skill level 1 in Invocations
 26486 | Elf:1    | Entered Level 1 of the Elven Halls
 26987 | Elf:1    | Identified the Reference Book on Creative Conjuration
 27234 | Elf:1    | Found a roughly hewn altar of Beogh.
 27540 | Elf:2    | Reached XP level 17. HP: 162/162 MP: 17/17
 27654 | Elf:2    | Found a huge runed translucent gate.
 27654 | Elf:2    | Found a huge runed translucent gate.
 27654 | Elf:2    | Found a huge runed translucent gate.
 27659 | Elf:2    | Found a huge runed translucent gate.
 27659 | Elf:2    | Found a huge runed translucent gate.
 27827 | Elf:2    | Reached skill level 5 in Invocations
 28158 | Elf:3    | Entered Level 3 of the Elven Halls
 28757 | Elf:3    | Identified the -2 large shield of the Mutiny {-Tele rC+
                  | rN++ Stlth+}
 28757 | Elf:3    | Noticed Louise
 28794 | Elf:3    | Killed Louise
 29028 | Elf:3    | Noticed a deep elf blademaster
 29070 | Elf:3    | Killed a deep elf blademaster
 29177 | Elf:3    | Noticed a deep elf master archer
 29475 | D:9      | Killed Harold
 31677 | Elf:3    | Noticed a Brimstone Fiend
 31924 | Elf:3    | Identified the cursed +0 robe "Riam" {Int+4}
 31939 | Elf:3    | Noticed a deep elf master archer
 31964 | Elf:3    | Killed a deep elf master archer
 31982 | Elf:3    | Gained mutation: You passively map a large area around you.
                  | [Deep Dwarf growth]
 31982 | Elf:3    | Reached XP level 18. HP: 129/172 MP: 17/17
 32515 | Elf:3    | Identified the amulet "Baisaben" {Reflect rF+ Int+2 SH+5
                  | Stlth+}
 33111 | Elf:3    | Got a sapphire-encrusted chain mail
 33122 | Elf:3    | Identified the +6 chain mail "Mireytirr" {rF- Int+9 Dex-3}
                  | (You found it on level 3 of the Elven Halls)
 33130 | Elf:3    | Got a slimy platinum ring
 33157 | Elf:3    | Got a brightly glowing ring mail
 33163 | Elf:3    | Identified the +2 ring mail of the Past {-Cast rF+++ MR++
                  | Str+3} (You found it on level 3 of the Elven Halls)
 33204 | Elf:3    | Identified the ring of Syndicalism {rElec Str+3 Int+5
                  | Stlth-} (You found it on level 3 of the Elven Halls)
 33299 | Elf:3    | Identified The Last Handbook of Sif Muna
 33731 | D:14     | Found a runed translucent gate.
 33731 | D:14     | Noticed Onucvo's ghost (journeyman FoFi)
 33732 | D:14     | Found a runed translucent gate.
 33733 | D:14     | Found a runed translucent gate.
 33946 | D:14     | Reached skill level 15 in Axes
 34064 | D:14     | Found a gate to the Vaults.
 34398 | Vaults:1 | Entered Level 1 of the Vaults
 35026 | Vaults:1 | Reached skill level 10 in Invocations
 35866 | Shoals:1 | Entered Level 1 of the Shoals
 36280 | Shoals:1 | Gained mutation: Your mind is acute. (Int +2) [potion of
                  | mutation]
 36280 | Shoals:1 | Gained mutation: Your muscles are strong. (Str +2) [potion
                  | of mutation]
 36580 | Shoals:2 | Reached skill level 10 in Armour
 36640 | Shoals:2 | Reached skill level 16 in Axes
 36653 | Shoals:2 | Found a frozen archway.
 36676 | IceCv    | Entered an ice cave
 36967 | IceCv    | Noticed an Ice Fiend
 36980 | IceCv    | Killed an Ice Fiend
 37136 | Shoals:2 | Found Icyoff's Book Boutique.
 37326 | Shoals:2 | Reached XP level 19. HP: 182/182 MP: 17/17
 37595 | Shoals:3 | Found Lyro's Jewellery Emporium.
 37836 | Shoals:3 | Found Zeupimu's Antique Armour Emporium.
 37841 | Shoals:3 | Found Vearghi's Gadget Boutique.
 37847 | Shoals:3 | Bought a runed hat for 259 gold pieces
 37921 | Shoals:3 | Noticed Ilsuiw
 38030 | Shoals:3 | Killed Ilsuiw
 38247 | Shoals:3 | Found Oxem's Antique Armour Emporium.
 38255 | Shoals:3 | Bought a pair of heavily runed gloves for 304 gold pieces
 38265 | Shoals:3 | Identified the +2 pair of gloves "Mezxi" {rF- Int+3 Dex+4}
                  | (You bought it in a shop on level 3 of the Shoals)
 38275 | Shoals:3 | Bought a pair of glowing gloves for 240 gold pieces
 38280 | Shoals:3 | Bought a pair of runed gloves for 240 gold pieces
 38428 | Shoals:4 | Entered Level 4 of the Shoals
 38881 | Shoals:4 | Got a barnacled rune of Zot
 39825 | Vaults:2 | Reached skill level 17 in Axes
 39865 | Vaults:2 | Noticed a lich
 39871 | Vaults:2 | Killed a lich
 40018 | Vaults:2 | Found Joler's Antique Weapon Shoppe.
 40143 | Vaults:2 | Reached XP level 20. HP: 184/192 MP: 18/18
 40319 | Vaults:2 | Noticed an ancient lich
 40331 | Vaults:2 | Killed an ancient lich
 40331 | Vaults:2 | Noticed a bone dragon
 40364 | Vaults:2 | Killed a bone dragon
 40364 | Vaults:2 | Reached skill level 15 in Shields
 40432 | Vaults:2 | Found a staircase to the Crypt.
 40790 | Vaults:2 | Noticed an ancient lich
 40790 | Vaults:2 | Noticed mantisjm's ghost (veteran HOFi)
 40791 | Vaults:2 | Found a runed translucent gate.
 40791 | Vaults:2 | Found a runed translucent gate.
 40791 | Vaults:2 | Found a runed translucent gate.
 40791 | Vaults:2 | Found an ancient bone altar of Kikubaaqudgha.
 40791 | Vaults:2 | Noticed Forgeling's ghost (adept FeEn)
 41165 | Vaults:3 | Reached skill level 18 in Axes
 42249 | Vaults:4 | Reached skill level 15 in Fighting
 42749 | Vaults:4 | Reached XP level 21. HP: 202/202 MP: 20/20
 43252 | D:15     | Entered Level 15 of the Dungeon
 43990 | D:15     | Found a staircase to the Depths.
 44082 | Depths:1 | Entered Level 1 of the Depths
 44082 | Depths:1 | Found a huge runed gate.
 44082 | Depths:1 | Found a huge runed gate.
 44082 | Depths:1 | Found a huge runed gate.
 44082 | Depths:1 | Found a huge runed gate.
 44082 | Depths:1 | Found a huge runed gate.
 44082 | Depths:1 | Found a huge runed gate.
 44082 | Depths:1 | Found a huge runed gate.
 44082 | Depths:1 | Found a huge runed gate.
 44082 | Depths:1 | Found a huge runed gate.
 44085 | Depths:1 | Found a huge runed gate.
 44193 | Depths:1 | Reached skill level 19 in Axes
 44222 | Depths:1 | Found a gateway to Hell.
 44316 | Depths:1 | Found a huge runed gate.
 44316 | Depths:1 | Found a huge runed gate.
 44316 | Depths:1 | Found a huge runed gate.
 44317 | Depths:1 | Found a huge runed gate.
 44317 | Depths:1 | Found a huge runed gate.
 44318 | Depths:1 | Found a huge runed gate.
 44320 | Depths:1 | Found a huge runed gate.
 44320 | Depths:1 | Found a huge runed gate.
 44320 | Depths:1 | Found a huge runed gate.
 44320 | Depths:1 | Found a huge runed gate.
 44583 | Depths:1 | Found a huge runed gate.
 44591 | Depths:1 | Found a huge runed gate.
 44591 | Depths:1 | Found a huge runed gate.
 44591 | Depths:1 | Found a huge runed gate.
 44708 | Depths:2 | Paralysed by a floating eye for 4 turns
 44722 | Depths:2 | Found a snail-covered altar of Cheibriados.
 44745 | Depths:2 | Noticed Margery
 44772 | Depths:2 | Killed Margery
 44927 | Depths:2 | Paralysed by a floating eye for 2 turns
 44972 | Depths:2 | Identified the +1 plate armour "Cepsaer" {rC+ rN+ rCorr}
                  | (You acquired it on level 2 of the Depths)
 45014 | Depths:2 | Found a white marble altar of Elyvilon.
 45037 | Depths:2 | Noticed Saint Roka
 45070 | Depths:2 | Killed Saint Roka
 45091 | Depths:2 | Noticed Sojobo
 45113 | Depths:2 | Killed Sojobo
 45225 | Depths:2 | Reached XP level 22. HP: 214/214 MP: 21/21
 45268 | Depths:2 | Got a brightly glowing lead ring
 45283 | Depths:2 | Identified the ring of Cuur {rPois rF+ MP-9 Str+6} (You
                  | found it on level 2 of the Depths)
 45344 | Depths:2 | Identified the ring of Gluttony {rElec rC+}
 45467 | Depths:2 | Got a fine glass ring
 45468 | Depths:2 | Identified the cursed ring "Xattagan" {*Slow rF+ rC+ rN+
                  | Str-3} (You found it on level 2 of the Depths)
 45487 | Depths:2 | Noticed a golden dragon
 45498 | Depths:2 | Killed a golden dragon
 45498 | Depths:2 | Reached skill level 20 in Axes
 45538 | Depths:3 | Noticed a juggernaut
 45540 | Depths:3 | Noticed a golden dragon
 45661 | Depths:3 | Killed a golden dragon
 45670 | Depths:3 | Killed a juggernaut
 45798 | Depths:3 | Identified the Guide on the Mutagenic Blaze
 45826 | Depths:3 | Identified the amulet "Pylailus" {Harm *Drain rElec rN+
                  | Slay+2 SInv}
 45981 | Depths:3 | Found a one-way gate to the infinite horrors of the Abyss.
 45982 | Depths:3 | Found Uguffekk's Armour Shop.
 46311 | Depths:3 | Found a one-way gate leading to the halls of Pandemonium.
 46502 | Depths:4 | Noticed a golden dragon
 46522 | Depths:4 | Killed a golden dragon
 46638 | Depths:4 | Reached XP level 23. HP: 225/225 MP: 13/22
 47132 | Depths:4 | Noticed Jory
 47143 | Depths:4 | Killed Jory
 47167 | Depths:4 | Reached skill level 21 in Axes
 47359 | Depths:4 | Found a runed translucent door.
 47365 | Depths:4 | Noticed a caustic shrike
 47648 | Depths:5 | Entered Level 5 of the Depths
 47791 | Depths:5 | Found a portal to a secret trove of treasure.
 47872 | Depths:5 | Identified the +11 glaive of Insufficient Pleasure {chop,
                  | rN+}
 47935 | Depths:4 | Voluntarily entered the Abyss.
 48131 | Abyss:1  | Gained mutation: Your body sometimes deteriorates upon
                  | taking damage. [a cacodemon]
 48265 | Depths:4 | Escaped the Abyss
 48293 | Depths:4 | Voluntarily entered the Abyss.
 48485 | Abyss:2  | Found a corrupted altar of Lugonu.
 48669 | Abyss:2  | Paralysed by accursed screaming for 1 turns
 48754 | Abyss:2  | Gained mutation: Your body often deteriorates upon taking
                  | damage. [a neqoxec]
 49036 | Abyss:4  | Found a corrupted altar of Lugonu.
 49227 | Abyss:4  | Reached XP level 24. HP: 235/235 MP: 7/22
 49291 | Abyss:4  | Found a glowing golden altar of the Shining One.
 49344 | Abyss:4  | Noticed a juggernaut
 49352 | Abyss:4  | Killed a juggernaut
 49356 | Abyss:4  | Got an abyssal rune of Zot
 49401 | Abyss:4  | Paralysed by accursed screaming for 1 turns
 49431 | Abyss:5  | Entered Level 5 of the Abyss
 49531 | Depths:4 | Escaped the Abyss
 49783 | Depths:4 | Identified the +3 broad axe of Gehy {chop, +Blink Stlth+}
                  | (You found it on level 4 of the Depths)
 49945 | Depths:5 | Found a gateway to a ziggurat.
 50131 | Depths:5 | Identified the cursed +3 short sword "Letil" {freeze, +Rage
                  | rF+++ rC++ Str-3}
 50257 | Depths:5 | Reached skill level 22 in Axes
 50598 | Depths:5 | Found a gate to the Realm of Zot.
 51060 | Depths:5 | Got a faintly glowing pewter ring
 51061 | Depths:5 | Identified the ring "Sasur" {+Blink +Fly rPois Str-3 Dex+3}
                  | (You acquired it on level 5 of the Depths)
 51081 | Zot:1    | Entered Level 1 of the Realm of Zot
 52459 | D:12     | Bought a potion of haste for 280 gold pieces
 52589 | D:6      | Bought a potion of haste for 110 gold pieces
 52589 | D:6      | Bought a potion of resistance for 110 gold pieces
 52589 | D:6      | Bought a potion of heal wounds for 55 gold pieces
 52589 | D:6      | Bought a potion of invisibility for 88 gold pieces
 52589 | D:6      | Bought a potion of mutation for 88 gold pieces
 52914 | Depths:5 | You paid a toll of 6 potions of haste to enter a treasure
                  | trove
 52915 | Trove    | Entered a treasure trove
 52919 | Trove    | Found the ring of the Mage {Wiz MR++ Int+3}
 52927 | Trove    | Got a scintillating lead amulet
 52931 | Trove    | Identified the amulet of Kiorr {Gourm MR++ Int-4} (You
                  | found it in a treasure trove)
 52934 | Trove    | Got a pitted lapis lazuli ring
 52935 | Trove    | Identified the ring "Hijauf" {MP+9 Int+3} (You found it in
                  | a treasure trove)
 52938 | Trove    | Got a wavering glass ring
 52942 | Trove    | Got a shimmering jade amulet
 52943 | Trove    | Identified the ring "Doobakk" {MR+ Dex+5 SInv} (You found
                  | it in a treasure trove)
 52948 | Trove    | Got a translucent jade amulet
 52951 | Trove    | Identified the amulet "Duske" {Gourm rPois} (You found it
                  | in a treasure trove)
 52962 | Trove    | Got a transparent pewter ring
 52963 | Trove    | Identified the ring of Youthful Indiscretion {*Slow rF++
                  | rC+++ MP+9 Str-3} (You found it in a treasure trove)
 53199 | Zot:1    | Reached XP level 25. HP: 246/246 MP: 13/22
 54495 | Zot:3    | Reached skill level 23 in Axes
 54673 | Zot:3    | Noticed an orb of fire
 54674 | Zot:3    | Noticed an orb of fire
 54676 | Zot:3    | Gained mutation: You are clumsy. (Dex -2) [an orb of fire]
 54682 | Zot:3    | Gained mutation: Armour fits poorly on your strangely
                  | shaped body. [an orb of fire]
 54687 | Zot:3    | Lost mutation: Your muscles are strong. (Str +2) [an orb of
                  | fire]
 54688 | Zot:3    | Killed an orb of fire
 54704 | Zot:3    | Killed an orb of fire
 54709 | Zot:3    | Reached skill level 15 in Armour
 54740 | Zot:3    | Mangled by a golden dragon

Skill      XL: |  1  2  3  4  5  6  7  8  9 10 11 12 13 14 15 16 17 18 19 20 21 22 23 24 25 |
---------------+----------------------------------------------------------------------------+-----
Spellcasting   | 3 |  3.3
Armour         | 1 2 3 4 5 6 7 8 9 10 11 12 13 14 15 | 15.0
Axes           | 2 3 5 6 9 10 12 14 16 17 18 19 20 21 22 23 | 23.1
Dodging        | 1 2 3 4 5 6 7 8 9 10 11 | 11.1
Fighting       | 2 3 4 5 6 7 8 9 10 11 12 13 14 15 16 17 18 19 | 19.7
Stealth        | 2 3 5 7 8 |  8.3
Shields        | 3 4 5 6 7 8 10 11 12 13 14 15 17 18 20 21 22 | 22.8
Evocations     | 1 4 8 10 12 | 12.7
Polearms       | 6 9 11 12 14 | 14.3
Invocations    | 4 8 10 12 14 | 14.4
Short Blades   | |  0.5
Throwing       | |  0.6
Unarmed Combat | |  1.0
Necromancy     | |  0.9
Fire Magic     | |  1.7

Action                   |  1- 3 |  4- 6 |  7- 9 | 10-12 | 13-15 | 16-18 | 19-21 | 22-24 | 25-27 || total
-------------------------+-------+-------+-------+-------+-------+-------+-------+-------+-------++-------
Melee: Dagger            |    29 |       |       |       |       |       |       |       |       ||    29
       Short sword       |    30 |       |       |       |       |       |       |       |       ||    30
       Hand axe          |    98 |    52 |       |     6 |       |     7 |       |       |       ||   163
       War axe           |       |   196 |   429 |   590 |       |       |       |       |       ||  1215
       Trident           |       |       |       |   251 |  1717 |  1745 |    36 |       |       ||  3749
       Broad axe         |       |       |       |       |       |   397 |  1534 |  1612 |   357 ||  3900
Throw: Javelin           |       |       |       |       |       |       |    11 |       |       ||    11
       Throwing net      |       |       |       |       |       |       |     2 |       |       ||     2
 Cast: Animate Skeleton  |    11 |     4 |       |       |       |       |       |       |       ||    15
       Magic Dart        |     2 |       |       |       |       |       |       |       |       ||     2
 Abil: Heal Wounds       |     1 |     5 |    18 |    13 |    18 |     8 |     1 |     1 |    10 ||    75
       Evoke Invisibilit |       |       |       |     1 |     3 |    10 |       |       |       ||    14
       Evoke Flight      |       |       |       |       |       |     2 |       |       |       ||     2
Evoke: Wand              |       |     5 |     8 |     3 |    13 |     1 |       |       |       ||    30
       Box of beasts     |       |       |       |       |       |       |       |       |     1 ||     1
  Use: Scroll            |       |    10 |     1 |    18 |     8 |    20 |     7 |    18 |     2 ||    84
       Potion            |       |       |     1 |     2 |    14 |     2 |     2 |     4 |    11 ||    36
 Stab: Sleeping          |     1 |     4 |     6 |    12 |    11 |    18 |       |       |       ||    52
       Invisible         |       |       |       |    20 |    22 |    35 |       |       |       ||    77
       Distracted        |       |       |       |       |     3 |     8 |     2 |     2 |     2 ||    17
  Eat: Chunk             |     3 |     3 |     8 |    20 |    16 |    21 |    25 |    12 |     2 ||   110
       Ration            |       |     1 |     1 |     2 |     4 |     8 |     1 |     5 |     1 ||    23
Armor: Ring mail         |    60 |    89 |       |   118 |   192 |   125 |       |       |       ||   584
       Robe              |     1 |       |       |       |       |       |       |       |       ||     1
       Leather armour    |       |     4 |    85 |    46 |       |       |       |       |       ||   135
       Gold dragon scale |       |       |       |       |       |   103 |   447 |   507 |   118 ||  1175
Dodge: Dodged            |    80 |   130 |   231 |   476 |   440 |   396 |   204 |   287 |   101 ||  2345
Block: Buckler           |    32 |    57 |    80 |   193 |    26 |       |       |       |       ||   388
       Shield            |       |       |       |       |   412 |   427 |       |       |       ||   839
       Large shield      |       |       |       |       |       |   273 |  1612 |  1754 |   427 ||  4066
       Reflection        |       |       |       |       |       |    77 |   114 |    90 |     4 ||   285
